 Dungeon Crawl Stone Soup version 0.24.0-37-gcf1ca852f1 (webtiles) character file.

Game seed: 7397393923070924831, levelgen mode: deterministic

13995 Ereth the Spear-Bearer (level 12, -5/110 HPs)
             Began as a Hill Orc Fighter on Nov 25, 2019.
             Was an Elder of Okawaru.
             Slain by a vampire mosquito (12 damage)
             ... on level 12 of the Dungeon on Nov 27, 2019.
             The game lasted 00:44:32 (14709 turns).

Ereth the Spear-Bearer (Hill Orc Fighter)          Turns: 14709, Time: 00:44:32

Health: -5/110     AC:  0    Str: 23    XL:     12   Next: 11%
Magic:  11/12      EV: 17    Int:  8    God:    Okawaru [****..]
Gold:   442        SH:  6    Dex: 11    Spells: 11/11 levels left

rFire    . . .     SeeInvis .     - Unarmed
rCold    . . .     Gourm    .   (shield currently unavailable)
rNeg     . . .     Faith    .   (armour currently unavailable)
rPois    .         Spirit   .   (helmet currently unavailable)
rElec    .         Reflect  +   (cloak currently unavailable)
rCorr    .         Harm     .   (gloves currently unavailable)
MR       .....                  (boots currently unavailable)
Stlth    +++.......             g - +6 amulet of reflection
HPRegen  0.28/turn              (ring currently unavailable)
MPRegen  0.13/turn              (ring currently unavailable)

@: pig-form, heroism, studying Fighting, very quick
A: small
a: Heroism, Renounce Religion


You were on level 12 of the Dungeon.
You worshipped Okawaru.
Okawaru was greatly pleased with you.
You were not hungry.
You were a filthy swine.
You visited 2 branches of the dungeon, and saw 13 of its levels.

You collected 853 gold pieces.
You spent 411 gold pieces at shops.

Inventory:

Hand Weapons
 a - a +3 trident (melded)
 k - a +0 trident
 F - a +0 trident
Missiles
 h - 5 silver javelins
 m - 7 javelins
 x - 10 boomerangs (quivered)
Armour
 d - a +2 plate armour (melded)
 B - the +1 buckler of Gallantry {rF++ MR+}
   (You found it on level 8 of the Dungeon)

   It greatly protects you from fire.
   It affects your resistance to hostile enchantments.
 C - a +3 shield (melded)
 N - a +0 helmet (melded)
Jewellery
 c - an uncursed ring of protection from fire
 g - a +6 amulet of reflection (around neck)
 v - an uncursed ring of protection from fire
 A - a ring of resist corrosion (melded)
 J - an uncursed ring of ice
 K - a +5 ring of dexterity (melded)
 M - the ring "Buasiz" {+Fly Str+5 Dex-5}
   (You found it on level 11 of the Dungeon)

   [ring of flight]

   It affects your strength (+5).
   It affects your dexterity (-5).
   It lets you fly.
 O - an uncursed amulet of regeneration {unknown}
Wands
 b - a wand of acid (20)
 w - a wand of flame (23)
 D - a wand of enslavement (15)
Scrolls
 e - 8 scrolls of remove curse
 j - 5 scrolls of teleportation
 n - 2 scrolls of fear
 s - 4 scrolls of blinking
 t - 6 scrolls of identify
 E - a scroll of amnesia
 G - a scroll of fog
Potions
 i - 4 potions of agility
 l - a potion of invisibility
 o - 4 potions of lignification
 p - 3 potions of curing
 q - 2 potions of flight
 r - 3 potions of cancellation
 u - 3 potions of mutation
 z - a potion of magic
 I - a potion of resistance
 L - 3 potions of brilliance
Books
 y - a manual of Fighting
Comestibles
 f - 19 rations


   Skills:
 + Level 11.1(16.1) Fighting
 + Level 12.1(17.1) Polearms
 + Level 3.2(8.2) Throwing
 + Level 9.1(14.1) Armour
 + Level 1.4(6.4) Dodging
 + Level 0.8(5.8) Stealth
 + Level 12.1(17.1) Shields
 + Level 1.2 Invocations


You had 11 spell levels left.
You didn't know any spells.
Your spell library contained the following spells:

 Spells                   Type           Power        Failure   Level  Hunger
 Corona                   Hex            #......      41%         1    ##.....
 Magic Dart               Conj           #...         41%         1    ##.....
 Ensorcelled Hibernation  Hex/Ice        #.....       54%         2    ###....
 Searing Ray              Conj           #.....       54%         2    ###....
 Confuse                  Hex            #.......     78%         3    ####...
 Dazzling Spray           Conj/Hex       #.....       78%         3    ####...
 Tukima's Dance           Hex            #.......     78%         3    ####...
 Force Lance              Conj/Tloc      #.......     99%         4    #####..
 Fulminant Prism          Conj/Hex       #.........   99%         4    #####..
 Iskenderun's Mystic Bla  Conj           #.......     99%         4    #####..


Dungeon Overview and Level Annotations

Branches:
Dungeon (12/15)            Temple (1/1) D:7            Lair (0/6) D:11
    Orc (0/2) D:11

Altars:
Ashenzari
Cheibriados
Dithmenos
Elyvilon
Fedhas
Gozag
Hepliaklqana
Kikubaaqudgha
Makhleb
Nemelex Xobeh
Okawaru
Qazlal
Ru
Sif Muna
Trog
Uskayaw
Vehumet
Wu Jian
Xom
Yredelemnul
Zin
The Shining One

Shops:
D:6 ?   D:7 =   D:12 [

Annotations:
D:10 3 runed translucent doors, Ukhluk's ghost, journeyman TrMo
D:12 Kirke


Message History

* * * LOW HITPOINT WARNING * * *
The vampire mosquito draws strength from your injuries!
The hog bites you!
* * * LOW HITPOINT WARNING * * *
The manticore barely misses you. The manticore misses you. x2
The vampire mosquito bites you!
* * * LOW HITPOINT WARNING * * *
The vampire mosquito draws strength from your injuries!
The shadow imp barely misses you.
Kirke gestures wildly while chanting.
Kirke flickers and vanishes!
Deactivating autopickup; reactivate with Ctrl-A.
The hog closely misses you. You block the hog's attack.
The vampire mosquito bites you.
* * * LOW HITPOINT WARNING * * *
The vampire mosquito draws strength from your injuries!
You block the manticore's attack. x2; The manticore claws you.
* * * LOW HITPOINT WARNING * * *
The vampire mosquito bites you!
You die...

. .###.........((
.......#.......
#.....##.#.....
###.....##.#....( #
#................ .#.
#####.............##.
..######........[......####.
.##.#....................###.
.........#.yh...........###..
........##..#............###.
........h5H.##...........###.
.....##.h{#.##............##.
...#..Cyh######..............
#. #.#.$.# #...........(.# #
.. ##.## ................ #..
#.# ................. .. #..
................#


You could see a manticore, a cyclops, 3 hogs, 2 vampire mosquitoes and a shadow
imp.

Vanquished Creatures
  2 two-headed ogres
  2 unseen horrors
  3 ugly things
  2 cyclopes (D:12)
  Psyche (D:9)
  2 centaur skeletons
  3 trolls
  A hornet (D:11)
  Prince Ribbit (D:8)
  2 hippogriffs
  Grinder (D:4)
  A water elemental (D:11)
  A wyvern (D:9)
  4 yaks (D:9)
  Grum (D:8)
  4 vampire mosquitoes (D:12)
  A hungry ghost (D:7)
  A hog (D:12)
  An acid dragon (D:7)
  Duvessa (D:4)
  3 orc warriors
  An ice beast (D:10)
  A sky beast (D:11)
  An eye of draining (D:10)
  A phantom (D:9)
  5 wolves
  5 ogres
  5 centaurs
  2 bullfrogs (D:7)
  Dowan (D:4)
  3 scorpions
  5 killer bees
  3 wights (D:9)
  2 electric eels (D:11)
  A bullfrog skeleton (D:12)
  8 hounds
  6 jellies
  8 orc priests
  10 orc wizards
  2 iguanas (D:7)
  5 worker ants
  A killer bee zombie (D:8)
  A hound zombie (D:5)
  3 hound skeletons
  8 adders
  A gnoll (D:4)
  A howler monkey skeleton (D:11)
  2 shadow imps
  6 oozes
  3 dart slugs
  3 leopard geckos
  43 orcs
  A ball python (D:1)
  8 bats
  3 giant cockroaches
  14 hobgoblins
  3 jackals (D:3)
  9 kobolds
  2 quokkas
  4 frilled lizards
  15 goblins
  A leopard gecko zombie (D:5)
  6 rats
251 creatures vanquished.

Vanquished Creatures (others)
  Fannar (D:10)
  A cyclops (D:11)
  A sky beast (D:12)
  6 centaurs
  An orc (D:12)
  3 plants (D:10)
13 creatures vanquished.

Grand Total: 264 creatures vanquished

Notes
Turn   | Place    | Note
-------+----------+-------------------------------------------
     0 | D:1      | Ereth the Hill Orc Fighter began the quest for the Orb.
     0 | D:1      | Reached XP level 1. HP: 19/19 MP: 1/1
   316 | D:1      | Reached XP level 2. HP: 27/27 MP: 2/2
   685 | D:1      | Reached XP level 3. HP: 30/33 MP: 3/3
  1856 | D:3      | Reached XP level 4. HP: 39/40 MP: 4/4
  2068 | D:3      | Found a faded altar of an unknown god.
  2400 | D:3      | Reached XP level 5. HP: 18/46 MP: 5/5
  2825 | D:3      | Found an opulent altar of Gozag.
  2825 | D:3      | Found a shadowy altar of Dithmenos.
  2885 | D:4      | Noticed Dowan
  2885 | D:4      | Noticed Duvessa
  2915 | D:4      | Killed Duvessa
  2915 | D:4      | Reached XP level 6. HP: 35/53 MP: 6/6
  2925 | D:4      | Killed Dowan
  3655 | D:4      | Noticed Grinder
  4173 | D:4      | Paralysed by Grinder for 2 turns
  4186 | D:4      | Killed Grinder
  4186 | D:4      | Reached skill level 5 in Polearms
  4186 | D:4      | Reached skill level 5 in Shields
  4186 | D:4      | Reached XP level 7. HP: 43/60 MP: 7/7
  4359 | D:5      | Entered Level 5 of the Dungeon
  4385 | D:5      | Reached skill level 1 in Throwing
  4587 | D:5      | Reached skill level 5 in Armour
  4855 | D:5      | Found a shimmering altar of Xom.
  5068 | D:5      | Found a burning altar of Makhleb.
  5165 | D:5      | Reached XP level 8. HP: 67/67 MP: 8/8
  5604 | D:6      | Found Daicopig's Magic Scroll Emporium.
  5617 | D:6      | Bought a scroll of enchant weapon for 97 gold pieces
  5617 | D:6      | Bought a scroll of teleportation for 39 gold pieces
  5617 | D:6      | Bought a scroll of identify for 26 gold pieces
  5617 | D:6      | Bought 3 scrolls of identify for 78 gold pieces
  5617 | D:6      | Bought a scroll of teleportation for 39 gold pieces
  5617 | D:6      | Bought a scroll of teleportation for 39 gold pieces
  5617 | D:6      | Bought a scroll of identify for 26 gold pieces
  5787 | D:6      | You fall into a shaft and drop 3 floors!
  5801 | D:8      | Noticed Psyche
  5809 | D:9      | Killed Psyche
  5809 | D:9      | Reached skill level 5 in Fighting
  5971 | D:8      | Noticed Grum
  6000 | D:8      | Killed Grum
  6209 | D:8      | Got a twisted buckler
  6247 | D:8      | Noticed Prince Ribbit
  6372 | D:8      | Killed Prince Ribbit
  6372 | D:8      | Reached XP level 9. HP: 74/75 MP: 9/9
  6453 | D:7      | Found Rueri's Jewellery Boutique.
  6534 | D:7      | Found a staircase to the Ecumenical Temple.
  6542 | Temple   | Entered the Ecumenical Temple
  7076 | D:7      | Found a snail-covered altar of Cheibriados.
  8026 | D:8      | Found an iron altar of Okawaru.
  8034 | D:8      | Became a worshipper of Warmaster Okawaru
  8449 | D:9      | Identified the +1 buckler of Gallantry {rF++ MR+} (You
                  | found it on level 8 of the Dungeon)
  8581 | D:9      | Reached XP level 10. HP: 81/86 MP: 10/10
  8643 | D:9      | Noticed a cyan ugly thing
  8665 | D:9      | Killed a cyan ugly thing
  8665 | D:9      | Reached * piety under Okawaru
  9016 | D:10     | Entered Level 10 of the Dungeon
  9023 | D:10     | Noticed a two-headed ogre
  9047 | D:9      | Killed a two-headed ogre
  9047 | D:9      | Reached ** piety under Okawaru
  9047 | D:9      | Reached skill level 10 in Polearms
 10224 | D:10     | Killed an unseen horror
 10224 | D:10     | Reached skill level 1 in Dodging
 10224 | D:10     | Reached skill level 10 in Shields
 10377 | D:10     | Reached *** piety under Okawaru
 10377 | D:10     | Reached XP level 11. HP: 92/97 MP: 11/11
 10419 | D:10     | Found a runed translucent gate.
 10419 | D:10     | Found a runed translucent gate.
 10456 | D:10     | Noticed Fannar
 10462 | D:10     | Found a runed translucent gate.
 10463 | D:10     | Noticed a nine-headed hydra
 10463 | D:10     | Noticed Ukhluk's ghost (journeyman TrMo)
 10662 | D:10     | Noticed a 12-headed hydra
 10984 | D:10     | Killed Fannar
 11261 | D:10     | Reached skill level 10 in Fighting
 12524 | D:11     | Found a staircase to the Lair.
 12592 | D:11     | Noticed a red ugly thing
 12723 | D:11     | Killed a red ugly thing
 12888 | D:11     | Noticed a cyan ugly thing
 12913 | D:11     | Killed a cyan ugly thing
 12926 | D:11     | Paralysed by a hornet for 1 turns
 13209 | D:11     | Found a staircase to the Orcish Mines.
 13340 | D:11     | Noticed a two-headed ogre
 13351 | D:11     | Killed a two-headed ogre
 13533 | D:11     | Reached **** piety under Okawaru
 13614 | D:11     | Got an ancient gossamer ring
 13798 | D:11     | Identified the ring "Buasiz" {+Fly Str+5 Dex-5} (You found
                  | it on level 11 of the Dungeon)
 13846 | D:11     | Noticed a cyclops
 13850 | D:11     | Killed a cyclops
 14258 | D:11     | Killed an unseen horror
 14258 | D:11     | Reached skill level 1 in Invocations
 14474 | D:12     | Found Uhemuapniups's Armour Emporium.
 14475 | D:12     | Noticed a cyclops
 14484 | D:12     | Noticed a cyclops
 14497 | D:12     | Killed a cyclops
 14497 | D:12     | Reached XP level 12. HP: 103/108 MP: 9/12
 14640 | D:12     | Bought a +0 helmet for 67 gold pieces
 14683 | D:12     | Noticed Kirke
 14709 | D:12     | Slain by a vampire mosquito

Levels and vault maps discovered:
D:1:      minmay_arrival_loop, layout_basic
D:2:      layout_basic
D:3:      layout_basic, gammafunk_temple_overflow_elements, first_ration,
          chequers_ecumenical_altar_grove
D:4:      corexii_shantytown, layout_loops_ring,
          nicolae_ossuary_entry_false_entrances, uniq_duvessa, uniq_grinder
D:5:      layout_basic, nicolae_overflow_crystal_walls, makhleb_heckhound_becter
D:6:      layout_basic, serial_shops, shop_coins
D:7:      layout_cave_pods, cheibriados_altar_1, minmay_temple_entry_trees,
          serial_shops, nicolae_shop_crystal
D:8:      layout_rooms, lemuel_coloured_pillars_altar, enter_bailey_3,
          hangedman_little_slice_of_home, chequers_serial_rivers_small_3,
          minmay_manual_mares, uniq_grum, uniq_psyche, uniq_prince_ribbit1
D:9:      layout_roguey
D:10:     layout_cave_pools, gammafunk_ghost_hydra_chop, uniq_fannar
D:11:     layout_small_grid, erik_lair_island, orc_0_dummy
D:12:     layout_cave_pools, serial_shops, nicolae_shop_waterfront,
          nicolae_shop_behind_doors, uniq_azrael, uniq_kirke
Temple:   minmay_crystal_spiral_temple

Skill      XL: |  1  2  3  4  5  6  7  8  9 10 11 12 |
---------------+-------------------------------------+-----
Fighting       | 4 5 7 9 10 11 | 11.1
Shields        | 4 5 7 8 10 12 | 12.1
Polearms       | 3 4 5 6 8 9 10 12 | 12.1
Armour         | 4 5 6 7 8 9 |  9.1
Throwing       | 1 2 3 |  3.2
Dodging        | 1 |  1.4
Invocations    | 1 |  1.2
Stealth        | |  0.8

Action                   |  1- 3 |  4- 6 |  7- 9 | 10-12 || total
-------------------------+-------+-------+-------+-------++-------
Melee: Trident           |   147 |   212 |   485 |   668 ||  1512
       Unarmed           |       |       |       |     1 ||     1
Throw: Boomerang         |     7 |       |       |    40 ||    47
       Javelin           |     8 |     7 |    23 |     5 ||    43
Invok: Heroism           |       |       |       |    19 ||    19
  Use: Scroll            |       |     8 |    13 |     7 ||    28
       Potion            |       |     4 |     1 |     6 ||    11
  Eat: Chunk             |     3 |     4 |     9 |     3 ||    19
       Ration            |       |     2 |     3 |     5 ||    10
Armor: Scale mail        |    64 |    17 |       |       ||    81
       Plate armour      |       |    60 |   144 |   321 ||   525
Dodge: Dodged            |    39 |    32 |    54 |   136 ||   261
Block: Shield            |    74 |   109 |   357 |   793 ||  1333
       Reflection        |       |       |    11 |    38 ||    49
       Other             |       |       |       |     6 ||     6
